 Dungeon Crawl Stone Soup version 0.31-a0-1074-g0b22e4e0f1 (webtiles) character file.

Game seed: 14276446546295234519

1651285 ParallaxScroll the Conqueror (level 24, 249/249 HPs)
             Began as a Minotaur Hunter on Nov 26, 2023.
             Was the Champion of Ru.
             Escaped with the Orb
             ... and 3 runes on Nov 27, 2023!
             The game lasted 07:15:09 (69500 turns).

ParallaxScroll the Conqueror (Minotaur Hunter)     Turns: 69500, Time: 07:15:09

Health: 249/249    AC: 17    Str: 20    XL:     24   Next: 96%
Magic:  26/26      EV: 44    Int: 10    God:    Ru [******]
Gold:   5599       SH:  5    Dex: 31    Spells: 16/29 levels left

rFire   + . .        a - +12 longbow "Fawoykoh" {heavy, rElec rC+ Str+4 Stlth-}
rCold   + + .        (shield currently unavailable)
rNeg    + . .        k - +3 leather armour {Will+}
rPois   +            G - +2 hat {Int+3}
rElec   +            P - +2 cloak
rCorr   .            v - +2 pair of gloves
SInv    .            g - +2 pair of boots
Will    ++...        h - amulet of Igeff {Reflect rC+ Int+3 Slay+2 SH+5}
Stlth   +            A - ring "Aghuz" {rPois rN+ Str-3 Dex+3 Slay+5}
HPRegen 1.41/turn    q - ring "Siash" {Fly rF+ Will+ Str+2 Dex+3}
MPRegen 0.20/turn

%: random rage (3%), reflection
@: flying, studying Maces & Flails
A: horns 2, dopey 1, cowardly, inability to train armour, weak-willed 1,
disrupted magic 1, inexperienced 1, retaliatory headbutt, no forms, berserk 1,
regeneration 1, sturdy frame 1
0: Orb of Zot
}: 3/15 runes: decaying, serpentine, silver
a: Renounce Religion, Draw Out Power, Power Leap, Apocalypse


You escaped.
You worshipped Ru.
Ru was exalted by your worship.
You visited 9 branches of the dungeon, and saw 47 of its levels.
You visited 2 bazaars.
You also visited: Ice Cave, Wizlab and Desolation.

You collected 10113 gold pieces.
You spent 4514 gold pieces at shops.

Inventory:

Hand Weapons
 a - the +12 longbow "Fawoykoh" (weapon) {heavy, rElec rC+ Str+4 Stlth-}
   (You acquired it on level 4 of the Dungeon)

   Str+4:     It affects your strength (+4).
   rC+:       It protects you from cold.
   rElec:     It insulates you from electricity.
   Stlth-:    It makes you less stealthy.
 b - the +8 mithril axe "Arga" {speed, Will+}
   (You bought it in a shop on level 1 of the Vaults)

   Will+:     It increases your willpower.
 j - the +4 consecrated labrys {holy, Valiant Fragile Fly SInv}
   (You took it off an ironbound convoker on level 5 of the Vaults)

   Valiant:   It becomes more powerful as more dangerous foes come into view.
   SInv:      It lets you see invisible.
   Fly:       It grants you flight.
   Fragile:   It will be destroyed if unequipped.
Missiles
 K - 7 silver javelins
 W - 4 throwing nets
Armour
 g - a +2 pair of boots (worn)
 k - a +3 leather armour of willpower (worn)
 v - a +2 pair of gloves (worn)
 G - a +2 hat of intelligence (worn)
 P - a +2 cloak (worn)
Jewellery
 h - the amulet of Igeff (around neck) {Reflect rC+ Int+3 Slay+2 SH+5}
   (You took it off a deep elf sorcerer on level 3 of the Elven Halls)

   [amulet of reflection]

   Reflect:   It reflects blocked missile attacks.
   Int+3:     It affects your intelligence (+3).
   Slay+2:    It affects your accuracy & damage with ranged weapons and melee
   (+2).
   rC+:       It protects you from cold.
   SH+5:      It affects your SH (+5).
 o - a ring of poison resistance
 q - the ring "Siash" (right hand) {Fly rF+ Will+ Str+2 Dex+3}
   (You found it in the Desolation of Salt)

   [ring of flight]

   Str+2:     It affects your strength (+2).
   Dex+3:     It affects your dexterity (+3).
   rF+:       It protects you from fire.
   Will+:     It increases your willpower.
   Fly:       It grants you flight.
 A - the ring "Aghuz" (left hand) {rPois rN+ Str-3 Dex+3 Slay+5}
   (You found it on level 2 of the Realm of Zot)

   [ring of poison resistance]

   Str-3:     It affects your strength (-3).
   Dex+3:     It affects your dexterity (+3).
   Slay+5:    It affects your accuracy & damage with ranged weapons and melee
   (+5).
   rPois:     It protects you from poison rN+: It protects you from negative
   energy.
 I - a ring of resist corrosion
 L - the ring "Arugothra" {rC+ Will+ MP+9}
   (You found it on level 3 of the Depths)

   [ring of magical power]

   rC+:       It protects you from cold.
   Will+:     It increases your willpower.
   MP+9:      It affects your magic capacity (+9).
 R - the ring "Deetu" {rF+ rN+ EV+5 Str-4 Dex+5}
   (You found it in the Desolation of Salt)

   [ring of evasion]

   EV+5:      It affects your evasion (+5).
   Str-4:     It affects your strength (-4).
   Dex+5:     It affects your dexterity (+5).
   rF+:       It protects you from fire.
   rN+:       It protects you from negative energy.
Wands
 l - a wand of quicksilver (8)
 C - a wand of paralysis (57)
 D - a wand of mindburst (46)
 E - a wand of polymorph (22)
 Q - a wand of iceblast (40)
 Z - a wand of digging (19)
Scrolls
 c - 2 scrolls of revelation
 e - 6 scrolls of fear
 i - 5 scrolls of butterflies
 n - 11 scrolls of poison
 p - 12 scrolls of teleportation
 w - 4 scrolls of enchant armour
 y - 9 scrolls of blinking
 F - 8 scrolls of immolation
 J - 5 scrolls of fog
 O - 2 scrolls of silence
 Y - 10 scrolls of vulnerability
Potions
 d - 4 potions of mutation
 f - 25 potions of curing
 m - a potion of invisibility
 r - 4 potions of ambrosia
 s - 2 potions of magic
 t - 5 potions of haste
 u - 7 potions of might
 x - 12 potions of heal wounds
 z - 4 potions of enlightenment
 N - 6 potions of resistance
 S - 14 potions of attraction
 T - 7 potions of brilliance
 V - 2 potions of cancellation
Miscellaneous
 B - a sack of spiders
 H - a condenser vane (inert)
 M - a phial of floods
 U - a lightning rod (4/4)
 X - a phantom mirror


   Skills:
 O Level 27 Fighting
 - Level 3.0 Short Blades
 - Level 20.0 Axes
 O Level 27 Ranged Weapons
 O Level 27 Dodging
 - Level 7.0 Stealth
 - Level 3.0 Spellcasting
 + Level 11.3 Translocations
 - Level 13.0 Evocations


You had 16 spell levels left.
You knew the following spells:

 Your Spells              Type           Power      Damage    Failure   Level
a - Blink                 Tloc           48%        N/A       1%          2
b - Teleport Other        Tloc           24%        N/A       1%          3
c - Passage of Golubria   Tloc           24%        N/A       4%          4
d - Manifold Assault      Tloc           24%        N/A       4%          4

Your spell library contained the following spells:

 Spells                   Type           Power      Damage    Failure   Level
 Apportation              Tloc           48%        N/A       1%          1
 Lesser Beckoning         Tloc           48%        N/A       1%          2
 Gell's Gravitas          Tloc           24%        N/A       1%          3
 Momentum Strike          Conj/Tloc      24%        3d8       7%          2
 Foxfire                  Conj/Fire      4%         2x1d4     36%         1
 Freeze                   Ice            4%         1d3       36%         1
 Kiss of Death            Conj/Necr      4%         2d5       36%         1
 Magic Dart               Conj           4%         1d3       36%         1
 Necrotise                Necr           4%         1d4       36%         1
 Sandblast                Erth           2%         2d4       36%         1
 Summon Small Mammal      Summ           4%         N/A       36%         1
 Dimensional Bullseye     Hex/Tloc       6%         N/A       36%         4
 Iskenderun's Mystic Bla  Conj/Tloc      12%        2d5       36%         4
 Dispersal                Tloc           12%        N/A       47%         6
 Call Imp                 Summ           2%         N/A       50%         2
 Cigotuvi's Dreadful Rot  Necr/Pois/Air  2%         N/A       50%         2
 Ensorcelled Hibernation  Hex/Ice        2%         N/A       50%         2
 Jinxbite                 Hex            2%         N/A       50%         2
 Passwall                 Tmut/Erth      0%         N/A       50%         2
 Poisonous Vapours        Pois/Air       2%         N/A       50%         2
 Searing Ray              Conj           2%         2d4       50%         2
 Wereblood                Tmut           1%         N/A       50%         2
 Summon Forest            Summ/Tloc      6%         N/A       69%         5
 Call Canine Familiar     Summ           1%         N/A       73%         3
 Dazzling Flash           Conj/Hex       2%         N/A       73%         3
 Frozen Ramparts          Ice            2%         1d1       73%         3
 Hailstorm                Conj/Ice       1%         3d3       73%         3
 Ignite Poison            Fire/Tmut/Pois 1%         N/A       73%         3
 Mephitic Cloud           Conj/Pois/Air  1%         N/A       73%         3
 Sigil of Binding         Hex            1%         N/A       73%         3
 Stone Arrow              Conj/Erth      2%         3d7       73%         3
 Swiftness                Air            1%         N/A       73%         3
 Tukima's Dance           Hex            1%         N/A       73%         3
 Anguish                  Hex/Necr       0%         N/A       98%         4
 Animate Armour           Summ/Erth      2%         N/A       98%         4
 Animate Dead             Necr           1%         N/A       98%         4
 Brom's Barrelling Bould  Conj/Erth      1%         2d3       98%         4
 Dispel Undead            Necr           1%         3d6       98%         4
 Fulminant Prism          Conj/Hex       0%         3d5       98%         4
 Leda's Liquefaction      Hex/Erth       0%         N/A       98%         4
 Petrify                  Tmut/Erth      1%         N/A       98%         4
 Sticky Flame             Conj/Fire      1%         2d3       98%         4
 Summon Ice Beast         Ice/Summ       1%         N/A       98%         4
 Summon Lightning Spire   Summ/Air       1%         N/A       98%         4
 Alistair's Intoxication  Tmut/Pois      0%         N/A       100%        5
 Borgnjor's Vile Clutch   Necr/Erth      0%         N/A       100%        5
 Freezing Cloud           Conj/Ice/Air   0%         6-21      100%        5
 Irradiate                Conj/Tmut      0%         3d11      100%        5
 Iskenderun's Battlesphe  Conj           1%         2d6       100%        5
 Lee's Rapid Deconstruct  Erth           0%         3d4*      100%        5
 Metabolic Englaciation   Hex/Ice        0%         N/A       100%        5
 Silence                  Hex/Air        0%         N/A       100%        5
 Yara's Violent Unravell  Hex/Tmut       0%         3d3       100%        5
 Bombard                  Conj/Erth      0%         9d1       100%        6
 Death Channel            Necr           0%         N/A       100%        6
 Eringya's Noxious Bog    Tmut/Pois      0%         4d6       100%        6
 Haunt                    Necr/Summ      0%         N/A       100%        7
 Malign Gateway           Summ/Tloc      6%         N/A       100%        7
 Monstrous Menagerie      Summ           0%         N/A       100%        7
 Orb of Destruction       Conj           0%         9d5       100%        7
 Spellforged Servitor     Conj/Summ      0%         N/A       100%        7
 Borgnjor's Revivificati  Necr           0%         N/A       100%        8
 Disjunction              Tloc           12%        N/A       100%        8
 Ignition                 Fire           0%         3d3       100%        8
 Infestation              Necr           0%         N/A       100%        8
 Lehudib's Crystal Spear  Conj/Erth      0%         10d2      100%        8
 Summon Horrible Things   Summ           0%         N/A       100%        8


Dungeon Overview and Level Annotations

Branches:
Dungeon (15/15)              Lair (5/5) D:8           Swamp (4/4) Lair:3
  Snake (4/4) Lair:3        Slime (0/5) Lair:5          Orc (2/2) D:11
    Elf (3/3) Orc:2        Vaults (5/5) D:14          Crypt (0/3) Vaults:2
 Depths (4/4) D:15            Zot (5/5) Depths:4      IceCv (visited)
 WizLab (visited)         Desolation (visited)
 Temple: D:4-7

Altars:
Dithmenos
Fedhas
Gozag
Kikubaaqudgha
Qazlal
Ru
Trog
Uskayaw
Yredelemnul
Jiyva

Shops:
D:10 [   Orc:2 =!:*   Elf:2 [   Snake:1 *   Vaults:1 (   Depths:3 (

Portals:
Hell: Depths:1 Depths:2 Depths:3 Depths:4
Abyss: Swamp:3 Depths:3
Pandemonium: Depths:2
Ziggurat: Depths:2
Trove: Depths:4 (give 4 scrolls of blinking)

Annotations:
Snake:1 1 runed translucent door, quinnr's ghost, adept TeAE
Elf:2 3 runed translucent doors
Zot:5 1 exclusion


Innate Abilities, Weirdness & Mutations

You have a pair of horns on your head.
You are dopey. (Int -2)
Your cowardice makes you less effective in combat with threatening foes.
You cannot train Armour skill.
You are slightly weak-willed. (Will-)
Your casting is slightly disrupted.
You are somewhat inexperienced. (-1 XL)
You reflexively headbutt those who attack you in melee.
You cannot voluntarily change form.
You sometimes lose your temper in combat.
Your natural rate of healing is unusually fast.
Your movements are slightly less encumbered by armour. (ER -2)


Message History

You fly upwards.
There is a stone staircase leading down here.
There is an open door here.
There is an open door here.
There is a stone staircase leading up here.
You fly upwards.
There is a stone staircase leading down here.
You feel a twist of horror at the sight of this foe.
A Xeligig, a tormentor, a lich and an ice devil come into view.
Unknown command.
Unknown command.
The tormentor roars!
Blink to where?
Press: ? - help, Dir - move target
As you read the scroll of blinking, it crumbles to dust.
Xeligig gestures.
Xeligig blinks!
You fly upwards.
There is a stone staircase leading down here.
What level of the Dungeon? (default 1, ? - help)
You see here a +0 club.
You hear a grinding noise.
You hear a grinding noise.
A cacodemon comes into view.
The cacodemon shouts!
You redirect the cacodemon's attack!
The cacodemon moves out of view.
Aiming: Dig
Press: ? - help, Shift-Dir - straight line You can't see that place. [a rock wall.]
The rock shatters into small pieces.
The cacodemon shouts!
An orange demon comes into view.
You hear a grinding noise.
The cacodemon begins to attack, but is stunned by your conviction!
The cacodemon gestures at the rock wall.
You hear a grinding noise.
There is a staircase leading out of the dungeon here.
You have escaped!

#.##...#...#.....#...# ##
#.##.###.###.#...#.###
#.##.....#...2#....#
#.##.#####.#.#...#.# ##
#....#...........#.# #.
#.####.###.#...#########.
#.##...#....##.....#...#.
#.##.###...#####.#.#.#.## #....#
#@#...#...#...#... #######
#.##.##.####.#.#####.#### ......#
#.##......##...# #..... ......#
#.#######################
......###.....................##.
...............#####......##.....
.##................#......####...
..#................#......####...
†##................#.............


You could see a cacodemon.

Vanquished Creatures
  3 dread liches (Zot:5)
  2 orbs of fire (Zot:5)
  3 ancient liches (Vaults:5)
  A juggernaut (Depths:3)
  Sojobo (Vaults:4)
  2 Killer Klowns (Zot:5)
  Vashnia (Snake:2)
  2 caustic shrikes (Depths:3)
  A curse toe (Zot:5)
  14 golden dragons
  Nikola (Swamp:1)
  A bone dragon (Swamp:4)
  2 electric golems (Zot:5)
  A Tzitzimitl (Zot:1)
  A Brimstone Fiend (Zot:1)
  9 tentacled monstrosities
  Jorgrun (Snake:3)
  A walking earthen tome (Depths:2)
  2 liches
  5 titans
  25 Orb Guardians
  2 Hell Sentinels
  A walking divine tome (Depths:3)
  2 deep elf blademasters (Elf:3)
  8 sphinxes
  2 deep elf master archers (Elf:3)
  The ghost of Vioczuc the Bludgeoner, an adept TrCK of Xom (Swamp:4)
  8 quicksilver dragons
  An Executioner (Zot:1)
  Gastronok (Lair:3)
  The ghost of Nudhul the Slayer, an adept MiBe of Trog (Depths:1)
  Frances (Swamp:1)
  5 death cobs
  Kirke (D:13)
  Agnes (Snake:3)
  Aizul (Snake:1)
  8 shadow dragons
  The ghost of xnavy the Thaumaturge, an adept DrAE of Vehumet (Swamp:3)
  14 storm dragons
  7 tengu reavers
  A fenstrider witch (Swamp:4)
  8 fire giants
  5 deep elf sorcerers
  A fenstrider witch (shapeshifter) (Vaults:4)
  12 draconian knights
  5 frost giants
  8 nagarajas
  5 draconian scorchers
  3 juggernaut zombies (Depths:1)
  2 spectral juggernauts (Depths:1)
  21 vault wardens
  3 ghouls (Swamp:4)
  A deep elf elementalist (Elf:3)
  4 ghost moths
  4 draconian shifters
  2 draconian stormcallers
  3 orc warlords
  21 very ugly things
  2 formless jellyfish
  A war gargoyle (Vaults:5)
  A quicksilver ooze (shapeshifter) (Vaults:4)
  20 ironbound preservers
  21 stone giants
  4 draconian annihilators
  6 green draconians
  3 vampire knights
  7 deep elf demonologists
  9 ironbound thunderhulks
  A reaper (IceCv)
  14 dire elephants
  6 deep elf annihilators
  3 halazid warlocks (Desolation)
  2 spectral titans (Depths:1)
  7 red draconians
  10 black draconians
  8 purple draconians
  Azrael (Orc:2)
  17 spark wasps
  6 eleionomae
  10 white draconians
  9 deep elf death magi
  3 yellow draconians
  4 bunyips
  9 ettins
  6 deep elf high priests
  A fire dragon (shapeshifter) (Vaults:4)
  2 blizzard demons (Zot:1)
  7 fire dragons
  5 crystal guardians
  7 entropy weavers
  5 ragged hierophants (Desolation)
  A great orb of eyes (shapeshifter) (Vaults:4)
  13 yaktaur captains
  5 ice dragons
  3 rakshasas
  33 vault guards
  A juggernaut simulacrum (Depths:1)
  3 salamander tyrants (Snake:4)
  2 hell beasts
  7 servants of whispers
  7 great orbs of eyes
  7 ironbound frosthearts
  7 hydras
  11 peacekeepers
  4 catoblepae
  5 ghost crabs
  13 anacondas
  A catoblepas (shapeshifter) (Vaults:2)
  2 anacondas (shapeshifter)
  7 centaur warriors
  8 ogre magi
  The ghost of GreenGuy14 the Cleaver, a novice MiFi of Fedhas (Lair:1)
  6 alligators
  2 titan zombies (Depths:1)
  The ghost of hgbash the Grappler, a novice TrFi of Hepliaklqana (D:10)
  7 deep troll shamans
  2 tengu warriors
  26 two-headed ogres
  2 spectral stone giants (Depths:1)
  5 boulder beetles
  5 deep troll earth magi
  12 naga warriors
  11 death yaks
  2 occultists
  21 dancing weapons
  4 orc high priests
  14 naga sharpshooters
  Urug (Lair:4)
  3 spriggan berserkers
  4 hell knights
  5 shock serpents
  A sun demon (Zot:1)
  The ghost of Jeffwins the Placeless Cat, a journeyman FeSh of Gozag (D:11)
  12 deep elf knights
  4 salamander mystics
  A shadow wraith (Vaults:5)
  3 skeletal warriors (D:13)
  3 death drakes (shapeshifter)
  A fire crab (Lair:5)
  6 iron trolls
  A skyshark (Lair:3)
  5 goliath frogs
  8 naga ritualists
  A death drake (WizLab)
  5 bog bodies
  9 arcanists
  4 spriggan druids
  9 deep elf archers
  4 swamp dragons
  An orange crystal statue (Depths:2)
  55 deep trolls
  A harpy (shapeshifter) (Depths:2)
  19 ironbound convokers
  A lindwurm (shapeshifter) (Vaults:5)
  4 lindwurms
  3 spectral hydras (Swamp:4)
  5 necromancers
  4 glowing orange brains
  8 phantasmal warriors
  7 alligator zombies (Swamp:4)
  33 deep elf pyromancers
  28 deep elf zephyrmancers
  8 mana vipers
  4 harpies (Vaults:2)
  2 shining eyes (shapeshifter)
  10 orc knights
  54 ugly things
  A worldbinder (Swamp:3)
  3 orc sorcerers
  4 large abominations
  A manticore (shapeshifter) (Vaults:5)
  7 oklob plants (Lair:5)
  2 cyclopes
  2 manticores
  3 will-o-the-wisps
  20 salamanders
  19 moths of wrath
  A moth of wrath (shapeshifter) (Depths:2)
  32 black mambas
  8 guardian serpents
  A rust devil (D:14)
  18 elephants
  9 naga magi
  An apocalypse crab (Swamp:3)
  2 ice statues
  An orange demon (Zot:1)
  17 vault sentinels
  2 torpor snails (shapeshifter)
  An eye of devastation (shapeshifter) (Vaults:5)
  2 titan simulacra (Depths:1)
  A torpor snail (Lair:2)
  36 yaktaurs
  A cane toad (shapeshifter) (Depths:2)
  A rime drake (shapeshifter) (Depths:2)
  2 unseen horrors
  14 cane toads
  A hellion (Depths:1)
  4 rime drakes
  A tengu conjurer (Depths:3)
  2 anaconda simulacra (IceCv)
  An ice devil (IceCv)
  A swamp worm zombie (Swamp:4)
  2 freezing wraiths
  11 komodo dragons
  2 hydra zombies (Swamp:4)
  4 trolls
  3 meliai (D:12)
  10 polar bears
  A red devil (D:4)
  4 bloated husks
  10 hornets
  2 polar bears (shapeshifter) (Depths:2)
  A merfolk (shapeshifter) (Depths:4)
  Grinder (D:6)
  5 tyrant leeches
  A blink frog (shapeshifter) (Depths:2)
  A tarantella (Vaults:2)
  A hornet (shapeshifter) (D:14)
  A wind drake (WizLab)
  60 saltlings
  A tarantella (shapeshifter) (Vaults:4)
  A spectral swamp dragon (Swamp:4)
  2 glass eyes
  2 raiju (shapeshifter)
  3 raiju (Lair:5)
  4 dream sheep (Lair:3)
  A spectral black mamba (Lair:1)
  2 stone giant simulacra (Depths:1)
  A jumping spider (shapeshifter) (Depths:2)
  4 air elementals
  22 blink frogs
  11 spriggans
  10 water elementals
  82 yaks
  A shadow (D:13)
  67 slime creatures
  2 ynoxinuls
  7 wraiths
  A vampire (D:12)
  4 wyverns
  5 basilisks
  2 hogs (D:13)
  A golden eye (shapeshifter) (D:15)
  A yak (shapeshifter) (Depths:2)
  A chaos spawn (Depths:1)
  A hog (shapeshifter) (Depths:2)
  A human (shapeshifter) (Depths:2)
  7 death yak simulacra
  5 fire elementals
  13 redbacks
  6 steam dragons
  A yaktaur simulacrum (Vaults:1)
  9 wargs
  20 vampire mosquitoes
  A harpy simulacrum (IceCv)
  26 nagas
  15 swamp worms
  3 hydra simulacra (Lair:1)
  16 water moccasins
  15 hell hounds
  5 acid dragons
  An ice beast (D:6)
  28 orc warriors
  3 sky beasts (D:6)
  2 swamp drakes
  13 black bears
  5 swamp dragon zombies (Swamp:4)
  A boulder beetle simulacrum (Lair:1)
  A boggart (shapeshifter) (Depths:2)
  32 ogres
  33 wolves
  15 centaurs
  A spectral rime drake (Lair:1)
  8 phantoms (Swamp:4)
  A kobold brigand (D:9)
  12 bullfrogs
  4 earth elementals
  A gnoll sergeant (D:9)
  A scorpion (D:5)
  5 two-headed ogre simulacra
  2 cane toad simulacra (IceCv)
  4 wights (D:8)
  7 killer bees
  2 elephant simulacra (IceCv)
  An electric eel (Lair:3)
  6 howler monkeys
  3 lava snakes (Lair:3)
  2 hounds (D:4)
  Crazy Yiuf (D:2)
  15 orc priests
  3 iguanas
  4 jellies
  Natasha (thrice) (D:2)
  19 orc wizards
  A hell rat (D:9)
  A polar bear simulacrum (IceCv)
  6 troll simulacra
  6 spriggan simulacra
  5 wolf simulacra
  5 adders
  11 gnolls
  3 swamp drake zombies (Swamp:4)
  5 naga simulacra (IceCv)
  A river rat (D:8)
  2 shadow imps
  6 white imps (IceCv)
  6 ufetubi (IceCv)
  3 dart slugs
  61 orcs
  9 ball pythons
  13 endoplasms
  5 giant cockroaches
  9 goblins
  8 hobgoblins
  3 jackals (D:1)
  8 kobolds
  3 quokkas
  5 bats
  6 frilled lizards
  7 rats
  A spectral orc (D:8)
  2 butterflies (D:9)
2234 creatures vanquished.

Vanquished Creatures (collateral kills)
  A vault warden (Vaults:2)
  An ironbound convoker (Vaults:3)
  A slime creature (Vaults:3)
  An orc warrior (Orc:1)
  2 ogres (Orc:1)
  An orc wizard (Orc:1)
7 creatures vanquished.

Vanquished Creatures (others)
  A draconian monk (Zot:2)
  A tengu reaver (Vaults:5)
  Louise (Snake:3)
  A purple draconian (Zot:2)
  A white draconian (Zot:2)
  A red draconian (Zot:5)
  A vault guard (Vaults:5)
  A yaktaur captain (Depths:4)
  A salamander tyrant (Snake:4)
  A deep troll earth mage (Depths:1)
  2 deep trolls
  A deep elf pyromancer (D:15)
  5 bloated husks
  3 saltlings (Desolation)
  A hornet (Depths:2)
  A spectral swamp dragon (Swamp:4)
  A yak (D:11)
  2 swamp worms
  A water moccasin (Swamp:3)
  2 orc warriors
  A wight (D:8)
  4 foxfires
34 creatures vanquished.

Grand Total: 2275 creatures vanquished

Notes
Turn   | Place    | Note
-------+----------+-------------------------------------------
     0 | D:1      | ParallaxScroll the Minotaur Hunter began the quest for the
                  | Orb.
     0 | D:1      | Reached XP level 1. HP: 18/18 MP: 0/0
   210 | D:1      | Reached XP level 2. HP: 25/25 MP: 1/1
   219 | D:1      | Reached skill level 5 in Ranged Weapons
   851 | D:2      | Reached XP level 3. HP: 30/30 MP: 2/2
  1029 | D:2      | Found a runed translucent door.
  1030 | D:2      | Noticed Crazy Yiuf
  1305 | D:2      | Reached XP level 4. HP: 37/37 MP: 3/3
  1321 | D:2      | Noticed Natasha
  1323 | D:2      | Killed Natasha
  1324 | D:2      | Reached skill level 1 in Armour
  1465 | D:2      | Noticed Natasha
  1470 | D:2      | Killed Natasha
  1649 | D:2      | Noticed Natasha
  1656 | D:2      | Killed Natasha
  1657 | D:2      | Reached XP level 5. HP: 46/46 MP: 4/4
  2304 | D:3      | Found a sacrificial altar of Ru.
  2307 | D:3      | Became a worshipper of Ru the Awakened
  2325 | D:3      | Found an opulent altar of Gozag.
  2645 | D:4      | Reached XP level 6. HP: 52/52 MP: 5/5
  2749 | D:4      | Identified the +1 dagger of the Orcish Mines {venom, rPois
                  | rC+ Int+4 Dex+3}
  2792 | D:4      | Reached skill level 1 in Stealth
  3539 | D:5      | Entered Level 5 of the Dungeon
  3599 | D:5      | Identified 2 scrolls of acquirement
  3615 | D:4      | Acquired the +12 longbow "Fawoykoh" {heavy, rElec rC+ Str+4
                  | Stlth-}
  3618 | D:4      | Acquired a +5 ring of evasion
  3718 | D:5      | Gained mutation: You cannot train Armour skill. [Ru
                  | sacrifice]
  3718 | D:5      | Reached * piety under Ru
  4300 | D:6      | Noticed a sky beast
  4303 | D:6      | Killed a sky beast
  4304 | D:6      | Reached XP level 7. HP: 59/59 MP: 6/6
  4352 | D:6      | Noticed Grinder
  4353 | D:6      | Paralysed by Grinder for 3 turns
  4358 | D:6      | Killed Grinder
  4446 | D:6      | Paralysed by a centaur for 3 turns
  4617 | D:6      | Reached XP level 8. HP: 66/66 MP: 7/7
  4672 | D:6      | Reached skill level 10 in Ranged Weapons
  4868 | D:6      | Reached skill level 1 in Evocations
  5055 | D:7      | Reached skill level 5 in Fighting
  5081 | D:7      | Acquired 786 gold pieces
  5133 | D:7      | You fall into a shaft and drop 1 floor!
  5135 | D:8      | Noticed a death yak
  5164 | D:8      | Found a basalt altar of Yredelemnul.
  5212 | D:8      | Identified the +5 whip of Xeoh {freeze, rElec rPois Str-2
                  | Dex+3}
  5773 | D:9      | Gained mutation: Your cowardice makes you less effective in
                  | combat with threatening foes. [Ru sacrifice]
  5773 | D:9      | Reached ** piety under Ru
  5864 | D:9      | Reached skill level 5 in Dodging
  6118 | D:8      | Reached XP level 9. HP: 67/75 MP: 8/8
  6230 | D:8      | Noticed a death yak
  6232 | D:8      | Noticed a death yak
  6890 | D:9      | Found a blossoming altar of Fedhas.
  6890 | D:9      | Found a shadowy altar of Dithmenos.
  7922 | D:9      | Found a shadowy altar of Dithmenos.
  7923 | D:9      | Found a blossoming altar of Fedhas.
  7992 | D:10     | Entered Level 10 of the Dungeon
  7992 | D:10     | Found Jecipy's Antique Armour Shoppe.
  8044 | D:9      | Killed an unseen horror
  8045 | D:9      | Reached skill level 1 in Short Blades
  8045 | D:9      | Reached XP level 10. HP: 15/88 MP: 9/9
  8346 | D:10     | Bought a pair of gloves for 135 gold pieces
  8507 | D:10     | Found a stormy altar of Qazlal.
  8605 | D:10     | Found a transporter.
  8617 | D:10     | Noticed a tengu warrior
  8623 | D:10     | Noticed hgbash's ghost (novice TrFi)
  8634 | D:10     | Noticed a moth of wrath
  8646 | D:10     | Found a transporter.
  8654 | D:10     | Found a bloodstained altar of Trog.
  9078 | D:11     | Gained mutation: You are somewhat inexperienced. (-1 XL)
                  | [Ru sacrifice]
  9078 | D:11     | Reached XP level 9. HP: 81/81 MP: 8/8
  9078 | D:11     | Reached *** piety under Ru
  9078 | D:11     | Reached **** piety under Ru
  9325 | D:11     | Found a staircase to the Orcish Mines.
  9381 | D:11     | Noticed a two-headed ogre
  9384 | D:11     | Killed a two-headed ogre
  9687 | D:11     | Reached XP level 10. HP: 93/93 MP: 9/9
  9718 | D:11     | Found a runed translucent gate.
  9718 | D:11     | Found a runed translucent gate.
  9720 | D:11     | Found a runed translucent gate.
  9722 | D:11     | Found an opulent altar of Gozag.
  9722 | D:11     | Noticed a deep elf pyromancer
  9722 | D:11     | Noticed a deep elf zephyrmancer
  9722 | D:11     | Noticed Jeffwins's ghost (journeyman FeSh)
  9723 | D:11     | Noticed a centaur warrior
  9832 | D:11     | Noticed a two-headed ogre
  9833 | D:11     | Reached skill level 10 in Fighting
  9836 | D:11     | Killed a two-headed ogre
  9970 | D:11     | Noticed a two-headed ogre
  9977 | D:11     | Killed a two-headed ogre
 10143 | D:11     | Reached skill level 15 in Ranged Weapons
 10341 | D:12     | Noticed a boulder beetle
 10347 | D:12     | Killed a boulder beetle
 10425 | D:12     | Noticed a two-headed ogre
 10429 | D:12     | Killed a two-headed ogre
 10429 | D:12     | Noticed a two-headed ogre
 10434 | D:12     | Killed a two-headed ogre
 10636 | D:12     | Noticed a deep elf pyromancer
 10641 | D:12     | Killed a deep elf pyromancer
 10689 | D:12     | Reached XP level 11. HP: 99/99 MP: 10/10
 10869 | D:12     | Noticed a boulder beetle
 10875 | D:12     | Killed a boulder beetle
 11145 | D:13     | Gained mutation: You are slightly weak-willed. (Will-) [Ru
                  | sacrifice]
 11145 | D:13     | Reached ***** piety under Ru
 11259 | D:13     | Noticed a boulder beetle
 11268 | D:13     | Killed a boulder beetle
 11288 | D:13     | Noticed a boulder beetle
 11295 | D:13     | Killed a boulder beetle
 11376 | D:13     | Found a frozen archway.
 11401 | IceCv    | Entered an ice cave
 11698 | IceCv    | Noticed a reaper
 11700 | IceCv    | Killed a reaper
 12435 | D:13     | Noticed Kirke
 12438 | D:13     | Killed Kirke
 12439 | D:13     | Reached XP level 12. HP: 92/103 MP: 2/11
 12843 | D:14     | Learned a level 2 spell: Blink
 12843 | D:14     | Acquired a manual of Translocations
 12874 | D:14     | Reached skill level 1 in Translocations
 13017 | D:14     | Noticed an ironbound preserver
 13021 | D:14     | Killed an ironbound preserver
 13069 | D:14     | Reached skill level 5 in Translocations
 13242 | D:8      | Found a staircase to the Lair.
 13251 | Lair:1   | Entered Level 1 of the Lair of Beasts
 13415 | Lair:1   | Found a runed translucent gate.
 13415 | Lair:1   | Found a runed translucent gate.
 13415 | Lair:1   | Found a runed translucent gate.
 13417 | Lair:1   | Noticed GreenGuy14's ghost (novice MiFi)
 14510 | Lair:2   | Reached skill level 10 in Dodging
 14532 | Lair:2   | Reached skill level 1 in Spellcasting
 14555 | Lair:2   | Reached skill level 5 in Evocations
 14580 | Lair:2   | You fall into a shaft and drop 2 floors!
 15710 | Lair:3   | Noticed Gastronok
 15717 | Lair:3   | Killed Gastronok
 15928 | Lair:3   | Reached XP level 13. HP: 118/118 MP: 13/13
 15929 | Lair:3   | Found a staircase to the Snake Pit.
 16141 | Lair:3   | Found a staircase to the Swamp.
 16702 | Lair:3   | Gained mutation: Your casting is slightly disrupted. [Ru
                  | sacrifice]
 17104 | Lair:4   | Noticed Urug
 17105 | Lair:4   | Killed Urug
 17321 | Lair:4   | Reached skill level 5 in Stealth
 18345 | Lair:5   | Entered Level 5 of the Lair of Beasts
 18864 | Lair:5   | Gained mutation: You cannot voluntarily change form. [Ru
                  | sacrifice]
 18877 | Lair:5   | Reached XP level 14. HP: 133/133 MP: 14/14
 19117 | Lair:5   | Reached skill level 15 in Fighting
 20318 | Lair:5   | Found a staircase to the Slime Pits.
 20368 | Lair:5   | Found a viscous altar of Jiyva.
 21208 | D:14     | Learned a level 3 spell: Teleport Other
 21272 | D:14     | Gained mutation: You are dopey. (Int -2) [Ru sacrifice]
 21272 | D:14     | Reached ****** piety under Ru
 21553 | D:14     | Found a gate to the Vaults.
 21595 | D:15     | Entered Level 15 of the Dungeon
 21638 | D:15     | Found an opulent altar of Gozag.
 22683 | Orc:1    | Entered Level 1 of the Orcish Mines
 22751 | Orc:2    | Entered Level 2 of the Orcish Mines
 23239 | Orc:2    | Noticed Azrael
 23246 | Orc:2    | Killed Azrael
 23690 | Orc:2    | Reached XP level 15. HP: 137/138 MP: 15/15
 23860 | Orc:2    | Found a staircase to the Elven Halls.
 23921 | Orc:2    | Found Duow's Distillery.
 23921 | Orc:2    | Found Cownecs's Jewellery Boutique.
 23922 | Orc:2    | Found Lyrphanwu's Assorted Antiques.
 23922 | Orc:2    | Found Bocant's Book Emporium.
 23932 | Orc:2    | Bought a fuming blue potion for 32 gold pieces
 23932 | Orc:2    | Bought a scroll labelled MOAV ATODD for 36 gold pieces
 23933 | Orc:2    | Bought a potion of haste for 140 gold pieces
 23933 | Orc:2    | Bought a potion of invisibility for 112 gold pieces
 23933 | Orc:2    | Bought a potion of heal wounds for 70 gold pieces
 23933 | Orc:2    | Bought a potion of cancellation for 112 gold pieces
 23934 | Orc:2    | Bought the amulet of Music {Regen+ Int+3} for 519 gold
                  | pieces
 23942 | Orc:2    | Bought a ring of willpower for 300 gold pieces
 24057 | Orc:2    | Reached skill level 15 in Dodging
 24414 | Swamp:1  | Entered Level 1 of the Swamp
 24573 | Snake:1  | Entered Level 1 of the Snake Pit
 24752 | Snake:1  | Found Qewerr's General Store.
 24757 | Snake:1  | Found Etanofy's Specific Store.
 24766 | Snake:1  | Bought a scroll of blinking for 97 gold pieces
 24766 | Snake:1  | Bought a scroll of identify for 26 gold pieces
 24848 | Snake:1  | Bought a wand of mindburst (10) for 238 gold pieces
 24860 | Snake:1  | Identified the serpent talisman of Kueqo {rF+}
 24860 | Snake:1  | Noticed Aizul
 24865 | Snake:1  | Killed Aizul
 24874 | Snake:1  | Found a runed translucent door.
 24874 | Snake:1  | Noticed quinnr's ghost (adept TeAE)
 24874 | Snake:1  | Found the +8 Vampire's Tooth {megavamp}
 26396 | Snake:2  | Noticed Vashnia
 26406 | Snake:2  | Killed Vashnia
 27605 | Snake:3  | Noticed Louise
 27628 | Snake:3  | Noticed Jorgrun
 27909 | Swamp:1  | Noticed Frances
 27915 | Swamp:1  | Killed Frances
 28091 | Swamp:1  | Noticed Nikola
 28099 | Swamp:1  | Killed Nikola
 28332 | Swamp:2  | Reached XP level 16. HP: 160/160 MP: 16/16
 29261 | Swamp:3  | Found a transporter.
 29269 | Swamp:3  | Found a one-way gate to the infinite horrors of the Abyss.
 29274 | Swamp:3  | Found a transporter.
 29430 | Swamp:3  | Found an opulent altar of Gozag.
 29511 | Swamp:3  | Noticed a Hell Sentinel
 29747 | Swamp:4  | Entered Level 4 of the Swamp
 29958 | Swamp:4  | Found a runed translucent door.
 29961 | Swamp:4  | Noticed Vioczuc's ghost (adept TrCK)
 30133 | Swamp:4  | Identified the +3 ring mail of Ifiluiwe {*Slow rPois Str+6
                  | Int-3}
 30823 | Swamp:4  | Noticed a bone dragon
 30832 | Swamp:4  | Killed a bone dragon
 31138 | Swamp:4  | Got a decaying rune of Zot
 31423 | Vaults:1 | Entered Level 1 of the Vaults
 31541 | Vaults:1 | Found a runed translucent door.
 32088 | Vaults:1 | Found Naceyxza's Weapon Boutique.
 32099 | Vaults:1 | Reached XP level 17. HP: 173/173 MP: 17/17
 32328 | Vaults:1 | Identified the +4 plate armour of the Silversmith {rF+
                  | Dex+5 Stlth+}
 33279 | Vaults:2 | Found a magical portal.
 33299 | WizLab   | Entered The Chambers of the Cloud Mage
 33308 | WizLab   | Paralysed by an air elemental for 1 turns
 33395 | Vaults:2 | Found a staircase to the Crypt.
 33395 | Vaults:2 | Found a basalt altar of Yredelemnul.
 33396 | Vaults:2 | Found an ancient bone altar of Kikubaaqudgha.
 33489 | Vaults:2 | Reached skill level 1 in Axes
 33693 | Vaults:1 | Bought the +8 mithril axe "Arga" {speed, Will+} for 904
                  | gold pieces
 33693 | Vaults:1 | Found the +8 mithril axe "Arga" {speed, Will+}
 33987 | Vaults:2 | Reached skill level 5 in Axes
 34424 | Vaults:2 | Learned a level 4 spell: Passage of Golubria
 34578 | Vaults:2 | You fall into a shaft and drop 1 floor!
 34760 | Vaults:3 | Reached skill level 10 in Translocations
 35696 | Vaults:2 | Found a staircase to the Crypt.
 35696 | Vaults:2 | Found a basalt altar of Yredelemnul.
 35697 | Vaults:2 | Found an ancient bone altar of Kikubaaqudgha.
 35805 | Vaults:3 | Found Diakla's Weapon Shoppe.
 35857 | Vaults:3 | Reached skill level 10 in Axes
 35879 | Vaults:3 | Reached XP level 18. HP: 123/184 MP: 18/18
 35947 | Vaults:3 | Got Kase's Codex of Frigorific Bombardment
 35948 | Vaults:3 | Identified the +4 scale mail of the Komodo Dragon {Rampage
                  | Fly Dex+4}
 38114 | Vaults:4 | Reached skill level 15 in Axes
 38310 | Vaults:4 | Paralysed by a formless jellyfish for 1 turns
 38435 | Vaults:4 | Noticed Sojobo
 38454 | Vaults:4 | Killed Sojobo
 38744 | Vaults:4 | Noticed a golden dragon
 38749 | Vaults:4 | a golden dragon changed into an acid blob
 38750 | Vaults:4 | an acid blob changed into a caustic shrike
 38750 | Vaults:4 | Noticed a caustic shrike (glowing shapeshifter)
 38750 | Vaults:4 | a caustic shrike changed into a shadow dragon
 38753 | Vaults:4 | a shadow dragon changed into a golden dragon
 38753 | Vaults:4 | Noticed a golden dragon (glowing shapeshifter)
 38754 | Vaults:4 | a golden dragon changed into an iron troll
 40550 | Snake:3  | Reached XP level 19. HP: 186/186 MP: 19/19
 40618 | Snake:3  | Killed Louise
 40823 | Snake:3  | Killed Jorgrun
 40889 | Snake:3  | Found a hide-covered altar of Uskayaw.
 41311 | Snake:3  | Found a hide-covered altar of Uskayaw.
 41503 | Snake:4  | Entered Level 4 of the Snake Pit
 41506 | Snake:4  | Found a flickering gateway to a bazaar.
 41529 | Bazaar   | Entered a bazaar
 41534 | Bazaar   | Found Xeguew's Antique Weapon Boutique.
 41538 | Bazaar   | Found Paceam's Antique Armour Boutique.
 41538 | Bazaar   | Found Jemeteti's Weapon Boutique.
 41539 | Bazaar   | Found Puvvigok's Book Boutique.
 41564 | Bazaar   | Bought a twisted leather armour for 147 gold pieces
 41564 | Bazaar   | Identified the +0 leather armour of Juemocut {Fly rF- rN+
                  | Str+3} (You bought it in a shop in a bazaar)
 41564 | Bazaar   | Bought an ichor-stained robe for 119 gold pieces
 41564 | Bazaar   | Identified the +1 robe of Divine Compulsion {rC++ rN++
                  | Dex-5} (You bought it in a shop in a bazaar)
 41628 | Snake:4  | Noticed Agnes
 41635 | Snake:3  | Killed Agnes
 41878 | Snake:3  | Acquired a manual of Fighting
 43671 | Snake:4  | Got a serpentine rune of Zot
 44059 | Orc:2    | Bought a scroll of revelation for 270 gold pieces
 44059 | Orc:2    | Bought a scroll of revelation for 270 gold pieces
 44069 | Orc:2    | Found Bocant's Book Emporium.
 44069 | Orc:2    | Found Cownecs's Jewellery Boutique.
 44069 | Orc:2    | Found Lyrphanwu's Assorted Antiques.
 44069 | Orc:2    | Found Duow's Distillery.
 44248 | Orc:2    | Found a staircase to the Elven Halls.
 44703 | Elf:1    | Entered Level 1 of the Elven Halls
 44722 | Elf:1    | Paralysed by an air elemental for 1 turns
 44752 | Elf:1    | Found a crumbling gateway.
 44780 | Desolati | Entered the Desolation of Salt
 44973 | Desolati | Identified the +7 hand axe of War {drain, +Blink MP+9}
 45002 | Desolati | Identified the +3 arbalest of Hell's Wrath {drain, rPois
                  | Will- Str+3 Dex+5}
 45292 | Desolati | Identified the ring "Siash" {Fly rF+ Will+ Str+2 Dex+3}
 45296 | Desolati | Identified the ring of Kaoc Xil {Wiz Str+3 Dex+4}
 45394 | Desolati | Identified the +0 leather armour of Instinct {Str+2 Dex+6}
 45401 | Desolati | Identified the ring "Deetu" {rF+ rN+ EV+5 Str-4 Dex+5}
 45486 | Desolati | Reached XP level 20. HP: 214/214 MP: 22/22
 46349 | Elf:1    | Reached skill level 27 in Fighting
 46354 | Elf:1    | Learned a level 4 spell: Manifold Assault
 46777 | Elf:2    | Found a runed translucent gate.
 46777 | Elf:2    | Found a runed translucent gate.
 46779 | Elf:2    | Found a runed translucent gate.
 47213 | Elf:2    | Found Wodd's Antique Armour Emporium.
 47476 | Elf:3    | Entered Level 3 of the Elven Halls
 47590 | Elf:3    | Found a flickering gateway to a bazaar.
 47606 | Bazaar   | Entered a bazaar
 47606 | Bazaar   | Found Juackyah's Antique Weapon Boutique.
 47606 | Bazaar   | Found Ranax's Armour Boutique.
 47606 | Bazaar   | Found Wiarghymp's Distillery.
 47606 | Bazaar   | Found Ridoeneb's Book Shop.
 47606 | Bazaar   | Found Deuth's Assorted Antiques.
 47621 | Bazaar   | Bought a scroll of revelation for 285 gold pieces
 47623 | Bazaar   | Bought a potion of resistance for 150 gold pieces
 47623 | Bazaar   | Bought a potion of resistance for 150 gold pieces
 47625 | Bazaar   | Bought a potion of heal wounds for 190 gold pieces
 47625 | Bazaar   | Bought a wand of polymorph (4) for 212 gold pieces
 47896 | Elf:3    | Found a runed translucent door.
 48049 | Elf:3    | Identified the +11 hand axe of Inconvenience {heavy, Str+6
                  | Int-5}
 48452 | Elf:3    | Reached skill level 10 in Evocations
 48467 | Elf:3    | Identified the ring "Otsolar" {Wiz Str+3}
 48775 | Elf:3    | Identified the +11 quarterstaff "Wuwnom" {venom, rC+ rCorr}
 49084 | Elf:3    | Identified the +10 double sword of Harmony {freeze, rF-
                  | Will+ rCorr Int+2}
 49084 | Elf:3    | Identified the amulet of Igeff {Reflect rC+ Int+3 Slay+2
                  | SH+5}
 49299 | Elf:3    | Identified the +2 leather armour of the Secret Gods {Harm
                  | rElec}
 49847 | Elf:3    | Got Alea's Atlas of Gathered Putridity
 49868 | Elf:3    | Identified the staff "Fitwateni" {rElec Dex+4 Air}
 49934 | Elf:3    | Got the Secrets of Accompaniment and Open Graves
 49953 | Elf:3    | Got Sif Muna's Treatise on Bedrock and Apparitions
 49955 | Elf:3    | Got the Directory of Striking
 50308 | D:15     | Found a staircase to the Depths.
 50317 | Depths:1 | Entered Level 1 of the Depths
 50611 | Depths:1 | Reached XP level 21. HP: 224/224 MP: 24/24
 50808 | Depths:1 | Found a gateway to Hell.
 50922 | Depths:1 | Found an ancient bone altar of Kikubaaqudgha.
 50979 | Depths:1 | Found a runed translucent door.
 50980 | Depths:1 | Noticed Nudhul's ghost (adept MiBe)
 51552 | D:2      | Killed Crazy Yiuf
 51779 | D:10     | Killed hgbash's ghost
 51902 | D:11     | Killed Jeffwins's ghost
 52034 | Lair:1   | Killed GreenGuy14's ghost
 52153 | Swamp:3  | Noticed xnavy's ghost (adept DrAE)
 52186 | Swamp:3  | Killed xnavy's ghost
 52372 | Swamp:3  | Identified the ring "Fioshr Maeq" {rN++ Str+6 Int+3 Stlth-}
 52848 | Swamp:4  | Killed Vioczuc's ghost
 52872 | Swamp:4  | Got Eringya's Discourse on Virulence and Metamorphosis
 53664 | Vaults:1 | Identified the ring of Ifunky {rN+ Int+6}
 54211 | Vaults:1 | Found Naceyxza's Weapon Boutique.
 54890 | Depths:1 | Killed Nudhul's ghost
 54913 | Depths:1 | Found a gateway to Hell.
 55100 | Depths:1 | Identified the staff of Temperance {rElec rPois rCorr Str+7
                  | Stlth- Poison}
 55903 | Depths:2 | Found a one-way gateway to a ziggurat.
 56631 | Depths:2 | Identified the +5 rapier of Friendship {drain, +Blink rCorr
                  | Str+2 Int-5}
 57043 | Depths:2 | Identified the +11 war axe "Qukkezu" {freeze, +Blink Int+3}
 57153 | Depths:2 | Found a one-way gate leading to the halls of Pandemonium.
 57186 | Depths:2 | Gained mutation: Your magical capacity is low. (-10% MP) [a
                  | shining eye]
 57404 | Depths:3 | Found Ynul's Antique Weapon Emporium.
 57495 | Depths:3 | Found a hide-covered altar of Uskayaw.
 57530 | Depths:3 | Noticed a golden dragon
 57536 | Depths:3 | Reached XP level 22. HP: 233/233 MP: 22/22
 57552 | Depths:3 | Noticed a caustic shrike
 57558 | Depths:3 | Killed a caustic shrike
 57891 | Depths:3 | Identified the +6 long sword of Zyh Rurow {venom, rElec rF-
                  | rN+}
 57957 | Depths:3 | Noticed a juggernaut
 57971 | Depths:3 | Killed a juggernaut
 58145 | Depths:3 | Identified the ring "Arugothra" {rC+ Will+ MP+9}
 58444 | Depths:3 | Noticed a caustic shrike
 58451 | Depths:3 | Killed a caustic shrike
 58664 | Depths:4 | Entered Level 4 of the Depths
 58671 | Depths:4 | Identified the +7 orcbow of Xom {freeze, rC+ Int+2}
 59795 | Depths:4 | Found a gate to the Realm of Zot.
 59951 | Depths:4 | Found a portal to a secret trove of treasure.
 60446 | Vaults:5 | Entered Level 5 of the Vaults
 60618 | Vaults:5 | Identified the ring "Rylyis" {*Corrode rPois Str+6 Int+6
                  | Slay+4}
 60928 | Vaults:5 | Noticed an ancient lich
 60933 | Vaults:5 | Killed an ancient lich
 60966 | Vaults:5 | Identified the +5 fire dragon scales of Ybbityel {+Inv rF++
                  | rC- Dex+6}
 60972 | Vaults:5 | Reached skill level 27 in Dodging
 60999 | Vaults:5 | Reached XP level 23. HP: 214/240 MP: 23/23
 61644 | Vaults:5 | Noticed an ancient lich
 61681 | Vaults:5 | Killed an ancient lich
 61716 | Vaults:5 | Identified the staff of Causality {rElec rPois rC+ rN++
                  | Dex-5 Air}
 61723 | Vaults:5 | Noticed an ancient lich
 61730 | Vaults:5 | Killed an ancient lich
 62106 | Vaults:5 | Identified the +0 robe "Buanoba" {rElec rPois}
 62130 | Vaults:5 | Got a silver rune of Zot
 62564 | Zot:1    | Entered Level 1 of the Realm of Zot
 64642 | Zot:2    | Identified the ring "Aghuz" {rPois rN+ Str-3 Dex+3 Slay+5}
 64874 | Zot:2    | Got the Reference Book on the Door and Unspeakable Arts
 64966 | Zot:4    | Identified the +8 arbalest "Minotaur's Death" {drain,
                  | Str+2}
 65006 | Zot:4    | Reached XP level 24. HP: 244/249 MP: 23/23
 65194 | Zot:5    | Entered Level 5 of the Realm of Zot
 66001 | Zot:5    | Noticed a dread lich
 66004 | Zot:5    | Killed a dread lich
 66155 | Zot:5    | Noticed an orb of fire
 66159 | Zot:5    | Gained mutation: You sometimes lose your temper in combat.
                  | [an orb of fire]
 66160 | Zot:5    | Killed an orb of fire
 66453 | Depths:3 | Lost mutation: Your magical capacity is low. (-10% MP)
                  | [potion of mutation]
 66453 | Depths:3 | Lost mutation: You sometimes lose your temper in combat.
                  | [potion of mutation]
 66453 | Depths:3 | Gained mutation: You are weak. (Str -2) [potion of
                  | mutation]
 66453 | Depths:3 | Gained mutation: Your body sometimes deteriorates upon
                  | taking damage. [potion of mutation]
 67791 | Zot:5    | Noticed a Killer Klown
 67812 | Zot:5    | Killed a Killer Klown
 67965 | Zot:5    | Noticed a dread lich
 67976 | Zot:5    | Killed a dread lich
 67986 | Zot:5    | Noticed a dread lich
 67999 | Zot:5    | Killed a dread lich
 68609 | Zot:5    | Noticed an orb of fire
 68611 | Zot:5    | Gained mutation: You are occasionally teleported next to
                  | monsters. [an orb of fire]
 68615 | Zot:5    | Gained mutation: Your magical capacity is low. (-10% MP)
                  | [an orb of fire]
 68618 | Zot:5    | Killed an orb of fire
 68623 | Zot:5    | Lost mutation: You are weak. (Str -2) [potion of mutation]
 68623 | Zot:5    | Lost mutation: Your magical capacity is low. (-10% MP)
                  | [potion of mutation]
 68623 | Zot:5    | Gained mutation: You have large cloven feet. [potion of
                  | mutation]
 68624 | Zot:5    | Lost mutation: You have large cloven feet. [potion of
                  | mutation]
 68624 | Zot:5    | Lost mutation: Your body sometimes deteriorates upon taking
                  | damage. [potion of mutation]
 68624 | Zot:5    | Gained mutation: You have an increased reservoir of magic.
                  | (+10% MP) [potion of mutation]
 68624 | Zot:5    | Gained mutation: You sometimes lose your temper in combat.
                  | [potion of mutation]
 68624 | Zot:5    | Gained mutation: You have large cloven feet. [potion of
                  | mutation]
 68625 | Zot:5    | Lost mutation: You have large cloven feet. [potion of
                  | mutation]
 68625 | Zot:5    | Lost mutation: You are occasionally teleported next to
                  | monsters. [potion of mutation]
 68625 | Zot:5    | Lost mutation: You have an increased reservoir of magic.
                  | (+10% MP) [potion of mutation]
 68625 | Zot:5    | Gained mutation: Your natural rate of healing is unusually
                  | fast. [potion of mutation]
 68625 | Zot:5    | Gained mutation: You have hidden genetic potential. [potion
                  | of mutation]
 68625 | Zot:5    | Lost mutation: You have hidden genetic potential. [potion
                  | of mutation]
 68625 | Zot:5    | Gained mutation: Your movements are slightly less
                  | encumbered by armour. (ER -2) [potion of mutation]
 68654 | Zot:5    | Noticed a Killer Klown
 68657 | Zot:5    | Killed a Killer Klown
 68660 | Zot:5    | Got the Orb of Zot
 68712 | Zot:5    | Noticed an ancient lich
 68879 | Zot:1    | Reached skill level 27 in Ranged Weapons
 69461 | D:2      | Noticed Xeligig the pandemonium lord
 69500 | D:$      | Escaped with the Orb!

Illustrated notes

Levels and vault maps discovered:
D:1:      elethiomel_arrival_maze, layout_basic, hangedman_decor_growths,
          grunt_decor_fettered, minmay_octomino_e4
D:2:      layout_loops_ring, kennysheep_crisscross, uniq_crazy_yiuf_cottage,
          uniq_natasha
D:3:      layout_basic, mainiacjoe_overflow_swirl, kennysheep_generic_room_8
D:4:      cheibrodos_greedy_goblins, layout_basic
D:5:      layout_loops_ring
D:6:      layout_loops_cross, uniq_grinder
D:7:      layout_rooms, minmay_temple_entry_from_below_b, uniq_maggie
D:8:      layout_basic, yredelemnul_forgotten_temple_becter, dpeg_lair_monsters
D:9:      layout_grid_maze, gammafunk_temple_overflow_wave,
          hangedman_glass_garden
D:10:     layout_basic, lemuel_crystal_altar, gammafunk_ghost_wrathful_warriors,
          serial_shops, nicolae_shop_dealshenge
D:11:     layout_irregular_city, orc_0_dummy, ebering_ghost_gozag,
          minmay_misc_feat_rows
D:12:     layout_loops_ring
D:13:     layout_loops_cross, portal_ice_cave_entry_ice_simulacra, uniq_kirke
D:14:     layout_irregular_city, hellmonk_vaults_order_and_chaos,
          amcnicky_mini_rare_corridor_liquid, drop_trap, minmay_statue_bubble
D:15:     gammafunk_enter_depths_forms, layout_cave_pods,
          hangedman_decor_lopped, grunt_gozag_statues
Lair:1:   layout_cave_pods, gammafunk_ghost_necromancy, st_stairs_4
Lair:2:   layout_loops_ring, grunt_megastairs_5
Lair:3:   layout_regular_city, swamp_mist, nicolae_snake_entry_warm_welcome,
          grunt_forest_stairs_basic, serial_bayou_shore_a, uniq_gastronok
Lair:4:   beast_lair_carwin_large_3, layout_loops_ring, guppyfry_lair_drakes,
          serial_bayou_shore_b, infiniplex_staircase_pool_2, uniq_urug
Lair:5:   guppyfry_lair_end_dragon, layout_gridlike,
          hangedman_lair_caniforms_friends, minmay_slime_entry_oklob_open,
          fungi_pond_lemuel
Swamp:1:  layout_basic_swamp, evilmike_swamp_ruin_house_4, swamp_pool_3,
          uniq_nikola, uniq_frances
Swamp:2:  layout_basic_swamp, nicolae_swamp_small_spring, swamp_pool_1_2,
          nicolae_swamp_big_swirl
Swamp:3:  layout_basic_swamp, gammafunk_ghost_abyssal_escape,
          nicolae_swamp_godswood, nicolae_swamp_snake_nest
Swamp:4:  swamp_pestilence, layout_basic_swamp, ebering_ghost_inner_flame,
          swamp_pool_4, nicolae_swamp_well_well_well
Snake:1:  layout_honeycomb, gammafunk_ghost_grave, nicolae_specific_store,
          uniq_aizul
Snake:2:  layout_basic, uniq_vashnia
Snake:3:  layout_cave_shapes, basic_altar, uniq_louise, uniq_jorgrun
Snake:4:  grunt_snake_rune_serpentine_throne, layout_cave_shapes, serial_shops,
          bzr_in_the_mist, st_stairs_2, uniq_agnes
Orc:1:    layout_diamond_mine, minmay_orc_temple_a
Orc:2:    st_orc_ogre_mass, layout_diamond_mine, bh_open_orc_temple, uniq_azrael
Elf:1:    layout_rooms, portal_desolation_entry_salt,
          hangedman_elven_crosses_minicolossus
Elf:2:    nicolae_elf_blades_splatter_lattice [grunt_blade_entry_basic],
          layout_gridlike, serial_shops, nicolae_shop_gibbet_a_chance
Elf:3:    elf_hall_gauntlet_narrow, layout_gridlike, serial_shops,
          bzr_entry_water, minivault_13
Vaults:1: nicolae_vaults_sightless_eye, nicolae_vaults_oozy_zoo,
          nicolae_vaults_taking_the_gang_shopping, ontoclasm_vaults_tryst,
          vaults_standard_mumra_enter_the_diamond, serial_ice_b,
          nicolae_vaults_asterisk, vaults_room_ringed_pool,
          nicolae_vaults_six-pack, nicolae_vaults_house_2,
          nicolae_vaults_tetromino_L_2, layout_vaults_omnigrid
Vaults:2: infiniplex_enter_wizlab_water, nicolae_vaults_meiosis, v_pattern_2,
          vaults_room_octagon, nicolae_vaults_theta,
          minmay_crypt_entry_necro_gods, nicolae_vaults_prndl,
          nicolae_vaults_storage_room_glass, hangedman_vaults_locks,
          nicolae_vaults_tetromino_T_2, vaults_room_hallway,
          nicolae_vaults_closet_pinwheel_4, v_misc_3,
          nicolae_vaults_variable_pillar_hall_cross,
          nicolae_vaults_little_guard_posts, nicolae_vaults_house_2,
          layout_vaults_ring
Vaults:3: v_rooms_1, grunt_vaults_funneled_arena, nicolae_vaults_double_plus_1,
          nicolae_vaults_network_quinsquares
          [nicolae_vaults_network_quincunx_subvault,
          nicolae_vaults_network_quincunx_subvault,
          nicolae_vaults_network_quincunx_subvault,
          nicolae_vaults_network_quincunx_subvault], nicolae_vaults_turnstiles,
          v_misc_5, v_misc_4, nicolae_vaults_trapezoid_lopsided_3,
          nicolae_vaults_two_Ls, serial_library_hellmonk_semicircle,
          layout_vaults_omnibox, serial_shops, nicolae_shop_tiny_glass
Vaults:4: nicolae_vaults_offset_grid_hallway_2, ontoclasm_vaults_loading_screen,
          ontoclasm_vaults_eye, hangedman_vaults_trim, v_misc_11,
          vaults_room_large_hall, vaults_mumra_chevron_long,
          nicolae_vaults_circle_grid_a, nicolae_vaults_loss_of_containment,
          nicolae_vaults_tetromino_Z_1, nicolae_vaults_little_squares_4,
          layout_vaults_big_cross, uniq_sojobo, uniq_margery
Vaults:5
Depths:1: layout_cave_pools, hell_entry, muffindrake_ghost_dead_mans_drink,
          reono_crystal_passage, drop_trap, amcnicky_mini_corridor_feature,
          kiku_gazebo_garden_becter
Depths:2: vault_1, layout_basic, enter_ziggurat_e, pf_hell_entry_tar_spiral,
          pan_entry, chequers_serial_rivers_marsh
Depths:3: minmay_swirls_squares, layout_long_grid, serial_shops,
          nicolae_inconvenience_store, abyss_entry, hell_entry,
          nicolae_uskayaw_suspiria
Depths:4: grunt_zot_entry_gee_three, layout_long_grid, trove_entry_hex_spiral,
          chequers_serial_rivers_micro_c, pf_coc_iceberg
Zot:1:    layout_cathedral_of_symmetry, st_large_dragon_hoard_4
Zot:2:    layout_misc_corridors, st_single_dragon_hoard_2
Zot:3:    layout_basic, regret_index_zotdec_magical_s
Zot:4:    layout_cathedral_of_symmetry, grunt_megastairs_3
Zot:5:    layout_gridville, guppyfry_library_mini

Skill      XL: |  1  2  3  4  5  6  7  8  9 10 11 12 13 14 15 16 17 18 19 20 21 22 23 24 |
---------------+-------------------------------------------------------------------------+-----
Ranged Weapons | 5 6 7 9 11 14 16 19 20 24 27 | 27.0
Fighting       | 3 4 6 9 10 12 14 16 19 21 22 26 27 | 27.0
Armour         | 2 0 |  0.0
Dodging        | 3 5 8 9 10 13 14 16 18 21 23 27 | 27.0
Stealth        | 2 3 6 7 |  7.0
Evocations     | 1 3 5 6 7 8 9 11 13 | 13.0
Short Blades   | 1 3 |  3.0
Translocations | 6 9 10 11 | 11.3
Spellcasting   | 1 2 3 |  3.0
Axes           | 10 17 18 20 | 20.0

Action                     |  1- 3 |  4- 6 |  7- 9 | 10-12 | 13-15 | 16-18 | 19-21 | 22-24 || total
---------------------------+-------+-------+-------+-------+-------+-------+-------+-------++-------
  Melee: Dagger            |       |     4 |    31 |     2 |       |       |       |       ||    37
         Headbutt          |       |     1 |     3 |       |       |    14 |    32 |    40 ||    90
         Punch             |       |       |     1 |       |       |     3 |     2 |     7 ||    13
         Broad axe         |       |       |       |       |       |    56 |    95 |   105 ||   256
   Fire: Shortbow          |    22 |       |       |       |       |       |       |       ||    22
         Sling             |    67 |   148 |       |       |       |       |       |       ||   215
         Longbow           |       |     9 |   160 |   474 |  1030 |  1148 |  1395 |  1054 ||  5270
   Cast: Blink             |       |       |       |       |       |       |     1 |       ||     1
 Invoke: Sacrifice Durabil |       |     1 |       |       |       |       |       |       ||     1
         Sacrifice Courage |       |       |     1 |       |       |       |       |       ||     1
         Sacrifice Experie |       |       |     1 |       |       |       |       |       ||     1
         Apocalypse        |       |       |       |     2 |     2 |     4 |       |       ||     8
         Sacrifice Essence |       |       |       |     1 |     1 |       |       |       ||     2
         Draw Out Power    |       |       |       |     1 |     1 |       |       |     1 ||     3
         Reject Sacrifices |       |       |       |     1 |       |       |       |       ||     1
         Sacrifice Forms   |       |       |       |       |     1 |       |       |       ||     1
         Power Leap        |       |       |       |       |     2 |     2 |       |     1 ||     5
         Sacrifice Purity  |       |       |       |       |     1 |       |       |       ||     1
  Evoke: Phantom mirror    |       |       |       |       |     1 |     3 |       |       ||     4
         Wand              |       |       |       |       |     2 |     8 |     3 |    11 ||    24
         Phial of floods   |       |       |       |       |     1 |       |       |       ||     1
         Condenser vane    |       |       |       |       |       |       |       |     3 ||     3
    Use: Scroll            |       |     7 |     7 |     9 |     9 |    11 |     8 |     6 ||    57
         Potion            |       |       |       |     1 |       |     1 |     1 |     9 ||    12
   Stab: Invisible         |       |       |       |       |       |     2 |       |     3 ||     5
         Distracted        |       |       |       |       |       |       |     3 |       ||     3
         Paralysed         |       |       |       |       |       |       |     3 |     4 ||     7
 Armour: Leather armour    |     7 |       |     4 |       |    55 |   274 |   210 |   108 ||   658
         Ring mail         |     4 |    38 |    25 |       |       |       |       |       ||    67
         Steam dragon scal |       |       |    67 |    33 |    73 |       |       |       ||   173
  Dodge: Dodged            |    21 |    28 |   108 |   127 |   278 |   556 |   600 |   399 ||  2117
  Block: Other             |       |       |       |       |       |       |    57 |    45 ||   102
         Reflection        |       |       |       |       |       |       |     1 |     6 ||     7

Table legend: (Time is in decaauts)
 A = Elapsed time spent in this place.
 B = Non-inter-level travel time spent in this place.
 C = Inter-level travel time spent in this place.
 D = Time resting spent in this place.
 E = Time spent auto-exploring this place.
 F = Levels seen in this place.
 G = Mean time per level.
                   A        B        C        D        E       F      G
               +--------+--------+--------+--------+--------+-----+--------+
         Total |  70309 |  59929 |  10380 |  12529 |  35912 |  52 | 1352.1 |
       Dungeon |  17961 |  13799 |   4162 |   1674 |   9506 |  15 | 1197.4 |
          Lair |   8178 |   7039 |   1139 |   1243 |   4558 |   5 | 1635.6 |
         Swamp |   4569 |   4005 |    564 |   1124 |   2126 |   4 | 1142.2 |
     Snake Pit |   6574 |   5706 |    868 |   1724 |   3088 |   4 | 1643.5 |
  Orcish Mines |   2373 |   1974 |    399 |    156 |   1447 |   2 | 1186.5 |
   Elven Halls |   4174 |   3815 |    359 |   1278 |   1875 |   3 | 1391.3 |
        Vaults |  12023 |  11055 |    968 |   1583 |   7440 |   5 | 2404.6 |
        Depths |   7014 |   5880 |   1134 |   1541 |   3147 |   4 | 1753.5 |
           Zot |   5308 |   4527 |    781 |   1895 |   1653 |   5 | 1061.6 |
        Bazaar |     61 |     61 |      0 |      0 |     44 |   2 |   30.5 |
      Ice Cave |    825 |    825 |      0 |    166 |    398 |   1 |  825.0 |
        Wizlab |     50 |     50 |      0 |      9 |     11 |   1 |   50.0 |
    Desolation |   1194 |   1194 |      0 |    132 |    618 |   1 | 1194.0 |
               +--------+--------+--------+--------+--------+-----+--------+

Top non-repeatable levels by time:
Vaults:1: 3275 daAuts
     D:9: 2933 daAuts
   Elf:3: 2480 daAuts
Vaults:4: 2356 daAuts
Vaults:3: 2353 daAuts
   Zot:1: 2249 daAuts
Vaults:2: 2225 daAuts
   Zot:5: 2132 daAuts
 Snake:4: 2102 daAuts
Depths:1: 2054 daAuts
Depths:2: 1958 daAuts
 Swamp:4: 1955 daAuts
  Lair:5: 1901 daAuts
  Lair:4: 1885 daAuts
   Orc:2: 1827 daAuts
